AoeStats
← 阿基米德

Arabia

509608430Analyzed
1v1 RM · 4d ago on Sep 27, 2026· 44m 33s· 2 players
Game mode
Random Map
Map size
Tiny (2 player)
Population
200
Speed
Normal
Resources
Standard
Victory
Conquest
Starting age
Dark Age
Ending age
Imperial Age
RankedLock teamsTeams togetherTeam positionsShared explorationLock speedFull tech treeHidden civsTurbo modeCheats
Victory
Defeat
🇹🇷 Malay · Türkiye
919
+17
🇨🇳 Japanese · China
934
-17
lokmanhekim02
7:27 Loom
11:20 Feudal Age
23:10 Castle Age
21:23 Double-Bit Axe
21:35 Horse Collar
22:16 Gold Mining
22:16 Stone Mining
22:16 Gold Mining
23:59 Fletching
23:49 Crossbowman
26:40 Gold Shaft Mining
25:58 Stone Mining
28:07 Town Watch
29:04 Wheelbarrow
32:09 Husbandry
37:32 Ballistics
40:08 Imperial Age
37:41 Thalassocracy
37:49 Pikeman
39:11 Heavy Plow
39:30 Hand Cart
39:22 Elite Skirmisher
40:34 Elite Battle Elephant
41:26 Thumb Ring
42:45 Bow Saw
阿基米德
11:19 Feudal Age
11:20 Man-at-Arms
16:23 Loom
22:25 Castle Age
20:33 Double-Bit Axe
21:34 Bloodlines
23:13 Husbandry
24:31 Gold Mining
24:38 Stone Mining
28:04 Scale Barding Armor
32:00 Thumb Ring
33:14 Fletching
33:25 Padded Archer Armor
37:18 Bodkin Arrow
37:41 Leather Archer Armor
39:52 Gambesons
40:08 Squires
39:28 Pikeman
42:25 Scale Mail Armor
42:37 Forging
45:51 Imperial Age
Connection lost

Rejoining the realm…

Still unreachable

The connection could not be restored.

Session expired

The server has moved on; the page needs a fresh start.